 Dungeon Crawl Stone Soup version 0.27.1-3-gb3d3a73c9e (webtiles) character file.

Game seed: 8767527170269547790

123541 Urokeeper the Bludgeoner (level 16, -2/151 HPs)
             Began as a Minotaur Fighter on Oct 26, 2021.
             Was the Champion of Trog.
             Slain by a salamander (10 damage)
             ... on level 2 of the Snake Pit on Oct 27, 2021.
             The game lasted 01:29:14 (36189 turns).

Urokeeper the Bludgeoner (Minotaur Fighter)        Turns: 36189, Time: 01:29:14

Health: -2/151     AC: 18    Str: 33    XL:     16   Next: 37%
Magic:  15/15      EV: 13    Int:  5    God:    Trog [******]
Gold:   1723       SH: 18    Dex: 11    Spells: 15/15 levels left

rFire    . . .     SeeInvis .   Y - +1 demon whip
rCold    + . .     Faith    .   F - +3 kite shield of Context {rC+}
rNeg     . . .     Spirit   .   O - +1 chain mail {rPois}
rPois    +         Reflect  .   P - +1 hat
rElec    .         Harm     .   (no cloak)
rCorr    .         Rampage  +   (no gloves)
Will     +....                  f - +0 pair of boots {rampage}
Stlth    ..........             H - amulet of regeneration
HPRegen  1.35/turn              b - +6 ring of strength
MPRegen  0.14/turn              Q - +4 ring of evasion

@: mighty, on berserk cooldown, slowed, constricted, very slow
A: horns 2, retaliatory headbutt
a: Renounce Religion, Berserk, Trog's Hand, Brothers in Arms


You were on level 2 of the Snake Pit.
You worshipped Trog.
Trog was exalted by your worship.
You visited 5 branches of the dungeon, and saw 26 of its levels.
You also visited: Sewer.

You collected 1932 gold pieces.
You spent 209 gold pieces at shops.

Inventory:

Hand Weapons
 Y - a +1 demon whip (weapon)
 Z - the +8 dire flail of Agony {flame, Str+4}
   (Trog gifted it to you on level 15 of the Dungeon)

   It burns those it strikes, dealing additional fire damage.
   Str:       It affects your strength (+4).
Armour
 f - a +0 pair of boots of rampaging (worn)
 E - a +0 pair of boots
 F - the +3 kite shield of Context (worn) {rC+}
   (You bought it in a shop on level 3 of the Dungeon)

   rC:        It protects you from cold.
 O - a +1 chain mail of poison resistance (worn)
 P - a +1 hat (worn)
 W - a +2 plate armour of willpower
Jewellery
 b - a +6 ring of strength (left hand)
 c - the ring of Bisirul {rF+ Int+6 Dex+2 Stlth-}
   (You took it off an efreet on level 11 of the Dungeon)

   [ring of intelligence]

   Int:       It affects your intelligence (+6).
   Dex:       It affects your dexterity (+2).
   rF:        It protects you from fire.
   Stlth:     It makes you less stealthy.
 r - a ring of fire
 u - a ring of fire
 x - a +6 ring of intelligence
 B - a ring of magical power
 C - a ring of see invisible
 H - an amulet of regeneration (around neck)
 Q - a +4 ring of evasion (right hand)
 T - a +4 ring of protection
 U - a +6 ring of dexterity
 V - a ring of resist corrosion
 X - a ring of fire
Wands
 j - a wand of acid (17)
 o - a wand of flame (87)
 v - a wand of iceblast (32)
 K - a wand of paralysis (18) (quivered)
 S - a wand of digging (6)
Scrolls
 a - 4 scrolls of blinking
 e - 2 scrolls of amnesia
 g - a scroll of fog
 h - a scroll of summoning
 l - 3 scrolls of magic mapping
 m - 3 scrolls of identify
 s - a scroll of vulnerability
 t - 2 scrolls of noise
 y - 3 scrolls of fear
 z - 7 scrolls of teleportation
 I - a scroll of holy word
 J - 12 scrolls of enchant weapon
 M - 3 scrolls of enchant armour
Potions
 d - 3 potions of might
 i - 2 potions of ambrosia
 k - 6 potions of attraction
 n - a potion of invisibility
 p - 2 potions of degeneration
 q - 2 potions of flight
 w - a potion of lignification
 A - a potion of berserk rage
 D - 8 potions of curing
 L - a potion of brilliance
 N - a potion of cancellation
 R - 2 potions of haste


   Skills:
 + Level 16.0 Fighting
 + Level 17.5 Maces & Flails
 + Level 17.2 Armour
 + Level 7.9 Dodging
 - Level 1.6 Stealth
 + Level 16.5 Shields


You had 15 spell levels left.
You didn't know any spells.
Your spell library contained the following spells:

 Spells                   Type           Power      Damage    Failure   Level
 Sublimation of Blood     Necr           0%         N/A       91%         2
 Gell's Gravitas          Tloc           0%         N/A       99%         3
 Lesser Beckoning         Tloc           0%         N/A       99%         3
 Teleport Other           Tloc           0%         N/A       99%         3
 Petrify                  Tmut/Erth      0%         N/A       100%        4
 Irradiate                Conj/Tmut      0%         3d14      100%        5


Dungeon Overview and Level Annotations

Branches:
Dungeon (15/15)            Temple (1/1) D:5            Lair (5/6) D:9
 Shoals (0/4) Lair:3        Snake (3/4) Lair:3        Slime (0/5) Lair:5
    Orc (2/2) D:9             Elf (0/3) Orc:2        Vaults (0/5) D:13
 Depths (0/5) D:15          Sewer (visited)

Altars:
Ashenzari
Cheibriados
Dithmenos
Elyvilon
Fedhas
Gozag
Hepliaklqana
Kikubaaqudgha
Makhleb
Nemelex Xobeh
Okawaru
Qazlal
Ru
Sif Muna
Trog
Uskayaw
Vehumet
Wu Jian
Xom
Yredelemnul
Zin
The Shining One
Jiyva
Lugonu

Shops:
D:3 [   D:5 *   D:7 !   D:15 *   Orc:2 (*[:

Portals:
Abyss: D:3

Annotations:
Lair:3 1 exclusion


Innate Abilities, Weirdness & Mutations

You have a pair of horns on your head.
You reflexively headbutt those who attack you in melee.


Message History

* * * LOW HITPOINT WARNING * * *
You thrash the anaconda!! Your headbutt misses the anaconda.
The anaconda is severely wounded.
The anaconda bites you!
* * * LOW HITPOINT WARNING * * *
The anaconda constricts you.
* * * LOW HITPOINT WARNING * * *
You block the salamander's attack. The anaconda misses you.
The anaconda constricts you.
* * * LOW HITPOINT WARNING * * *
You feel much better. You block the anaconda's attack.
The anaconda constricts you. The salamander barely misses you.
You block the anaconda's attack. The anaconda constricts you.
You feel very mighty all of a sudden. The anaconda bites you!
* * * LOW HITPOINT WARNING * * *
The anaconda constricts you.
* * * LOW HITPOINT WARNING * * *
The salamander closely misses you. You furiously retaliate!
You headbutt the salamander! The anaconda completely misses you.
You furiously retaliate!
You headbutt the anaconda! The anaconda constricts you.
* * * LOW HITPOINT WARNING * * *
You block the salamander's attack. You block the anaconda's attack.
The anaconda constricts you.
You thrash the salamander!!
The salamander is heavily wounded.
You block the anaconda's attack. The anaconda constricts you.
* * * LOW HITPOINT WARNING * * *
You block the salamander's attack.
You thrash the salamander!!
The salamander is almost dead.
The anaconda bites you but does no damage.
The anaconda constricts you.
* * * LOW HITPOINT WARNING * * *
You block the anaconda's attack. The anaconda constricts you.
The salamander hits you with a +0 glaive!
* * * LOW HITPOINT WARNING * * *
You are engulfed in flames!
You die...

#####....# #..##.###
.........# ##.##.# .##....#.#
#..#.# .##....### ##.#.#####
###.(..# #.......# ######
##..###.# # #..# #.# #
#)S###.# # #)@....# #
###N##### # #...###.#
#...'...# #######...###.#
###....#....# #.#
######...##.#.##.# #.#########
#...##.####.#.##.# #.[..#....#
##..##.#....#....######.#.##.#


You could see a salamander and an anaconda.

Vanquished Creatures
  Gastronok (D:10)
  Agnes (D:14)
  Kirke (Lair:5)
  A nagaraja (Snake:2)
  Aizul (Snake:1)
  Fannar (D:10)
  3 naga warriors
  2 catoblepae
  Erolcha (D:10)
  4 boulder beetles
  4 vault guards (D:13)
  7 hydras
  Erica (Orc:1)
  3 ogre magi
  6 anacondas
  7 centaur warriors
  13 two-headed ogres
  7 death yaks
  5 shock serpents
  2 tengu warriors (D:13)
  8 naga sharpshooters
  A salamander mystic (Snake:2)
  A naga ritualist (Snake:1)
  2 deep trolls (Orc:2)
  A wizard (D:15)
  A sea snake (Snake:2)
  An orc knight (Orc:2)
  5 mana vipers
  A necromancer (D:15)
  2 deep elf pyromancers
  10 ugly things
  3 orc sorcerers
  7 salamanders
  5 manticores
  6 cyclopes
  8 elephants
  5 naga magi
  16 black mambas
  A guardian serpent (Snake:3)
  3 gargoyles
  A torpor snail (Lair:2)
  Maggie (D:6)
  7 cane toads
  4 unseen horrors
  An efreet (D:11)
  2 freezing wraiths
  6 rime drakes
  9 komodo dragons
  12 trolls
  A meliai (shapeshifter) (D:13)
  A wolf spider simulacrum (D:15)
  A hornet (D:9)
  A polar bear (Lair:2)
  A hornet (shapeshifter) (D:13)
  Grinder (D:5)
  18 blink frogs
  7 slime creatures
  A meliai zombie (D:15)
  2 water elementals (D:15)
  38 yaks
  A yak (shapeshifter) (D:13)
  2 vampires (D:11)
  3 wyverns
  Eustachio (D:6)
  4 basilisks
  4 wraiths
  Grum (D:9)
  10 vampire mosquitoes
  2 wargs (Orc:1)
  15 nagas
  Menkaure (D:6)
  9 water moccasins
  3 acid dragons
  A black bear (D:6)
  An ice beast (D:6)
  19 orc warriors
  3 sky beasts
  14 wolves
  14 centaurs
  21 ogres
  A phantom (D:4)
  14 bullfrogs
  3 killer bees (D:10)
  5 wights (D:9)
  4 electric eels
  6 howler monkeys
  A bullfrog zombie (D:5)
  A bullfrog skeleton (D:6)
  5 centaur zombies
  2 hounds (D:5)
  A jelly (D:6)
  18 orc priests
  Ijyb (D:5)
  2 iguanas
  25 orc wizards
  A killer bee zombie (D:9)
  A howler monkey zombie (D:8)
  4 gnolls (D:4)
  A howler monkey skeleton (D:5)
  4 adders
  2 white imps
  2 ufetubi
  3 adder skeletons
  8 worms
  71 orcs
  10 ball pythons
  17 endoplasms
  4 giant cockroaches
  8 goblins
  3 hobgoblins
  7 jackals
  6 kobolds
  2 quokkas
  4 bats
  7 frilled lizards
  11 rats
667 creatures vanquished.

Vanquished Creatures (others)
  A two-headed ogre (D:11)
  A cyclops (D:11)
  2 humans (Lair:5)
  20 fungi
  A lurking horror (D:3)
  27 plants
52 creatures vanquished.

Grand Total: 719 creatures vanquished

Notes
Turn   | Place    | Note
-------+----------+-------------------------------------------
     0 | D:1      | Urokeeper the Minotaur Fighter began the quest for the Orb.
     0 | D:1      | Reached XP level 1. HP: 19/19 MP: 0/0
   293 | D:1      | Reached XP level 2. HP: 23/27 MP: 1/1
  1050 | D:1      | Reached XP level 3. HP: 33/33 MP: 2/2
  1114 | D:1      | Found a faded altar of an unknown god.
  1945 | D:2      | Found a hazy altar of Hepliaklqana.
  2132 | D:3      | Found a one-way gate to the infinite horrors of the Abyss.
  2133 | D:3      | Found a corrupted altar of Lugonu.
  2336 | D:3      | Reached XP level 4. HP: 40/40 MP: 3/3
  2395 | D:3      | Found an opulent altar of Gozag.
  2511 | D:3      | Found an iron altar of Okawaru.
  2658 | D:3      | Found Zyrphuot's Antique Armour Shop.
  2734 | D:3      | Found a sacrificial altar of Ru.
  2932 | D:4      | Noticed a phantom
  2944 | D:4      | Killed a phantom
  2945 | D:4      | Reached skill level 1 in Dodging
  2945 | D:4      | Reached XP level 5. HP: 37/47 MP: 4/4
  2993 | D:4      | Noticed a wyvern
  3000 | D:4      | Killed a wyvern
  3001 | D:4      | Reached XP level 6. HP: 18/55 MP: 5/5
  3312 | D:4      | Reached skill level 5 in Maces & Flails
  3676 | D:4      | Reached skill level 5 in Armour
  3922 | D:5      | Entered Level 5 of the Dungeon
  3930 | D:4      | Reached skill level 5 in Shields
  4128 | D:5      | Reached skill level 5 in Fighting
  4153 | D:5      | Found a staircase to the Ecumenical Temple.
  4160 | D:5      | Noticed Grinder
  4169 | Temple   | Entered the Ecumenical Temple
  4407 | Temple   | Became a worshipper of Trog the Wrathful
  4604 | D:5      | Reached XP level 7. HP: 54/61 MP: 6/6
  4613 | D:5      | Killed Grinder
  4614 | D:5      | Reached skill level 1 in Stealth
  4722 | D:5      | Found Reyt's Assorted Antiques.
  4830 | D:5      | Noticed Ijyb
  4845 | D:5      | Killed Ijyb
  5467 | D:6      | Found a glowing drain.
  5495 | Sewer    | Entered a sewer
  5502 | Sewer    | Reached * piety under Trog
  5607 | Sewer    | Reached XP level 8. HP: 66/69 MP: 7/7
  6035 | D:6      | Noticed Menkaure
  6040 | D:6      | Killed Menkaure
  6070 | D:6      | Noticed Maggie
  6076 | D:6      | Killed Maggie
  6200 | D:6      | Noticed Eustachio
  6210 | D:6      | Killed Eustachio
  6454 | D:6      | Reached XP level 9. HP: 72/78 MP: 8/8
  6600 | D:6      | Reached ** piety under Trog
  6847 | D:6      | Found Ilieh's Distillery.
  7240 | D:3      | Bought a twisted kite shield for 209 gold pieces
  7240 | D:3      | Identified the +3 kite shield of Context {rC+} (You bought
                  | it in a shop on level 3 of the Dungeon)
  7331 | D:7      | Found Peliurud's Distillery.
  7562 | D:7      | Found a radiant altar of Vehumet.
  8525 | D:8      | Found an ancient bone altar of Kikubaaqudgha.
  8690 | D:9      | Paralysed by a hornet for 3 turns
  8908 | D:9      | Found a staircase to the Orcish Mines.
  8923 | D:9      | Reached skill level 10 in Maces & Flails
  8938 | D:9      | Noticed Grum
  8951 | D:9      | Noticed a two-headed ogre
  8954 | D:9      | Killed Grum
  9350 | D:9      | Killed a two-headed ogre
  9351 | D:9      | Reached skill level 10 in Armour
  9351 | D:9      | Reached XP level 10. HP: 86/86 MP: 9/9
  9569 | D:9      | Reached *** piety under Trog
  9853 | D:9      | Found a staircase to the Lair.
 10015 | D:9      | Found a burning altar of Makhleb.
 10289 | D:10     | Entered Level 10 of the Dungeon
 10989 | D:10     | Noticed Erolcha
 11009 | D:10     | Killed Erolcha
 11207 | D:10     | Noticed Gastronok
 11220 | D:10     | Killed Gastronok
 11221 | D:10     | Reached XP level 11. HP: 95/95 MP: 10/10
 11277 | D:10     | Reached skill level 10 in Shields
 11371 | D:10     | Noticed Fannar
 11412 | D:10     | Killed Fannar
 11831 | D:10     | Found an ornate altar of the Wu Jian Council.
 12330 | D:11     | Noticed a two-headed ogre
 12346 | D:11     | Killed a two-headed ogre
 12552 | D:11     | Noticed a cyan ugly thing
 12555 | D:11     | Noticed a centaur warrior
 12560 | D:11     | Identified the ring of Bisirul {rF+ Int+6 Dex+2 Stlth-}
 12564 | D:11     | Killed a cyan ugly thing
 12579 | D:11     | Killed a centaur warrior
 12612 | D:11     | Noticed a two-headed ogre
 12615 | D:11     | Noticed a boulder beetle
 12617 | D:11     | Noticed a white ugly thing
 12627 | D:11     | Noticed a five-headed hydra
 12628 | D:11     | Noticed a five-headed hydra
 12649 | D:11     | Noticed a two-headed ogre
 12657 | D:11     | Identified the +11 halberd of Odeism {distort, *Noise
                  | Str+7}
 12657 | D:11     | Noticed a centaur warrior
 12662 | D:11     | Killed a two-headed ogre
 12670 | D:11     | Killed a centaur warrior
 12671 | D:11     | Reached skill level 10 in Fighting
 12694 | D:11     | Killed a white ugly thing
 12703 | D:11     | Killed a five-headed hydra
 12704 | D:11     | Reached XP level 12. HP: 36/106 MP: 11/11
 13491 | D:11     | Killed a two-headed ogre
 13600 | D:11     | Killed a boulder beetle
 13961 | D:11     | Killed a five-headed hydra
 14911 | D:12     | Found a hide-covered altar of Uskayaw.
 14923 | D:12     | Noticed a six-headed hydra
 14940 | D:12     | Killed a six-headed hydra
 15031 | D:12     | Reached **** piety under Trog
 15806 | D:13     | Found a gate to the Vaults.
 15806 | D:13     | Noticed a vault guard
 15806 | D:13     | Noticed an eight-headed hydra
 15806 | D:13     | Noticed a vault guard
 15806 | D:13     | Noticed a vault guard
 15806 | D:13     | Noticed a vault guard
 15806 | D:13     | Noticed a tengu warrior
 15806 | D:13     | Noticed a tengu warrior
 15959 | Lair:1   | Entered Level 1 of the Lair of Beasts
 16010 | Lair:1   | Noticed a four-headed hydra
 16020 | Lair:1   | Killed a four-headed hydra
 16267 | Lair:1   | Reached XP level 13. HP: 67/117 MP: 12/12
 18227 | Lair:2   | Reached ***** piety under Trog
 18718 | Lair:3   | Found a staircase to the Shoals.
 18757 | Lair:2   | Received a gift from Trog
 19385 | Lair:3   | Reached skill level 15 in Maces & Flails
 19617 | Lair:3   | Found a staircase to the Snake Pit.
 19759 | Lair:3   | Found a radiant altar of Vehumet.
 20895 | Lair:4   | Reached XP level 14. HP: 129/129 MP: 13/13
 21715 | Lair:4   | Reached skill level 15 in Armour
 22818 | Lair:5   | Noticed Kirke
 22830 | Lair:5   | Killed Kirke
 23508 | Lair:5   | Found a viscous altar of Jiyva.
 23508 | Lair:5   | Found a staircase to the Slime Pits.
 23807 | Orc:1    | Entered Level 1 of the Orcish Mines
 23807 | Orc:1    | Noticed Erica
 23817 | Orc:1    | Killed Erica
 24000 | Orc:2    | Entered Level 2 of the Orcish Mines
 24337 | Orc:2    | Paralysed by an orc sorcerer for 7 turns
 24613 | Orc:2    | Received a gift from Trog
 24911 | Orc:2    | Paralysed by an orc sorcerer for 7 turns
 25769 | Orc:2    | Reached skill level 15 in Shields
 26355 | Orc:2    | Found a staircase to the Elven Halls.
 26404 | Orc:2    | Found Ydwyop's Book Shop.
 26410 | Orc:2    | Found Vocata's Antique Armour Shop.
 26415 | Orc:2    | Found Pivvaleppu's General Store.
 26424 | Orc:2    | Found Licaedoh's Weapon Boutique.
 26896 | D:13     | Received a gift from Trog
 26911 | D:13     | Reached XP level 15. HP: 136/139 MP: 14/14
 28334 | D:14     | Noticed Agnes
 28343 | D:14     | Killed Agnes
 28473 | D:14     | Reached skill level 5 in Dodging
 29140 | D:15     | Entered Level 15 of the Dungeon
 29294 | D:15     | Reached skill level 15 in Fighting
 30176 | D:15     | Found Xicwyn's General Store.
 30259 | D:15     | Reached ****** piety under Trog
 30382 | D:15     | Found a staircase to the Depths.
 30621 | D:15     | Paralysed by an ogre mage for 3 turns
 30819 | D:15     | Identified the +8 dire flail of Agony {flame, Str+4} (Trog
                  | gifted it to you on level 15 of the Dungeon)
 30819 | D:15     | Received a gift from Trog
 31495 | Snake:1  | Entered Level 1 of the Snake Pit
 32518 | Snake:1  | Noticed Aizul
 32542 | Snake:1  | Killed Aizul
 34224 | Snake:2  | Reached XP level 16. HP: 149/149 MP: 15/15
 35725 | Snake:2  | Received a gift from Trog
 36189 | Snake:2  | Slain by a salamander

Illustrated notes

Levels and vault maps discovered:
D:1:      sevenhm_arrival_forest_fort_large_2, layout_basic,
          hellmonk_ecumenical_altar_inner_sanctum, hangedman_decor_riveting
D:2:      layout_loops_cross, serial_glass, glass_columns_b, glass_columns_b,
          basic_altar
D:3:      layout_basic, amcnicky_altar_gilded, marbit_many_paths,
          mainiacjoe_overflow_24_doors, serial_shops, shop,
          amcnicky_altar_lugonu_corruption
D:4:      layout_loops_ring
D:5:      layout_rooms, minmay_temple_entry_junction, serial_shops, shop,
          abandoned_shop, uniq_grinder, uniq_ijyb
D:6:      layout_gridville, cheibrodos_sewer_entry_bend, serial_shops,
          kennysheep_little_box, uniq_maggie, uniq_eustachio, uniq_menkaure
D:7:      layout_basic, kennysheep_mini, serial_shops, shop
D:8:      layout_rooms, general_overflow_altar
D:9:      layout_loops_ring, lightli_temple_of_fire, lair_entry_dummy,
          david_orc_3, uniq_grum
D:10:     layout_cave_pods, pdpol_wu_jian_five_deadly_venoms, kennysheep_path_1,
          evilmike_butchery, uniq_gastronok, uniq_fannar, uniq_erolcha
D:11:     minmay_the_grid_triangle_9x9_recursive_2_mashed
          [minmay_the_grid_triangle_9x9_prize_center,
          minmay_the_grid_triangle_9x9_flanged_cone,
          minmay_the_grid_triangle_9x9_steps,
          minmay_the_grid_triangle_9x9_thin_v], layout_basic, st_stairs_9
D:12:     layout_basic, nicolae_uskayaw_en_pointe
D:13:     layout_basic, lightli_vaults_fourway_checkpoint,
          hangedman_decor_slide_cut
D:14:     layout_stronghold, kennysheep_cross_bottleneck, uniq_agnes
D:15:     grunt_enter_depths_magical_seal, layout_basic, fountainhead,
          serial_shops, nicolae_inconvenience_store, drop_trap
Temple:   regret_index_temple_generic_petals
Lair:1:   layout_chaotic_city, serial_bayou_lake_a, serial_bayou_shore_a
Lair:2:   layout_misc_corridors, guppyfry_lair_drakes
Lair:3:   layout_gridlike, minmay_shoals_entry_centaurs,
          minmay_snake_entry_guardpost_large, lemuel_centaur_altar
Lair:4:   layout_cave_pods, patterned_corridor, grunt_megastairs_3
Lair:5:   layout_cellular_growth, dpeg_slime_entry_enclosed_altar,
          nicolae_lair_yak_garden, infiniplex_staircase_pool_2, uniq_kirke
Snake:1:  layout_cave_pods, lemuel_fruit_tree, serial_bayou_shore_b,
          serial_bayou_shore_b, uniq_aizul
Snake:2:  layout_basic, nicolae_snake_springs
Snake:3:  layout_misc_corridors, uniq_louise, uniq_nikola
Orc:1:    layout_caves, uniq_erica
Orc:2:    st_orc_open, layout_caves

Skill      XL: |  1  2  3  4  5  6  7  8  9 10 11 12 13 14 15 16 |
---------------+-------------------------------------------------+-----
Fighting       | 4 5 6 7 8 10 11 13 14 15 16 | 16.0
Armour         | 4 5 6 8 10 11 12 13 14 16 17 | 17.2
Shields        | 4 5 6 7 8 9 11 12 13 15 16 | 16.5
Maces & Flails | 3 4 5 6 8 10 11 12 14 15 16 17 | 17.5
Dodging        | 1 2 3 7 |  7.9
Stealth        | 1 |  1.6

Action                   |  1- 3 |  4- 6 |  7- 9 | 10-12 | 13-15 | 16-18 || total
-------------------------+-------+-------+-------+-------+-------+-------++-------
Melee: Flail             |   119 |    78 |    60 |       |       |       ||   257
       Headbutt          |    18 |    16 |    56 |   119 |   396 |    60 ||   665
       Whip              |       |       |   271 |       |       |       ||   271
       Morningstar       |       |       |     9 |   501 |  1086 |       ||  1596
       Demon whip        |       |       |       |       |   407 |   220 ||   627
Invok: Berserk           |       |       |     6 |    17 |    36 |     4 ||    63
       Trog's Hand       |       |       |     3 |     5 |       |     1 ||     9
  Use: Potion            |       |     3 |     2 |     8 |     1 |     3 ||    17
       Scroll            |       |     6 |    12 |     5 |     1 |     6 ||    30
 Stab: Invisible         |       |       |       |    10 |       |       ||    10
       Petrified         |       |       |       |       |    13 |       ||    13
Armor: Scale mail        |    42 |    36 |    31 |       |       |       ||   109
       Chain mail        |       |       |    89 |   159 |    53 |    31 ||   332
       Plate armour      |       |       |       |       |   358 |       ||   358
Dodge: Dodged            |    36 |    28 |    63 |   115 |   260 |    92 ||   594
Block: Kite shield       |    60 |    56 |   133 |   343 |   959 |   168 ||  1719
